 Dungeon Crawl Stone Soup version 0.31.0-9-g3a7656b989 (webtiles) character file.

Game seed: 588663312095493993

15404062 grothendieck the Heavyweight Champion (level 27, 323/323 HPs)
             Began as a Troll Gladiator on Jan 22, 2024.
             Was the Champion of Wu Jian.
             Escaped with the Orb
             ... and 15 runes on Jan 25, 2024!
             The game lasted 10:29:02 (101841 turns).

grothendieck the Heavyweight Champion (TrGl)      Turns: 101841, Time: 10:29:02

Health: 323/323    AC: 34    Str: 36    XL:     27
Magic:  32/32      EV: 12    Int: 10    God:    Wu Jian [******]
Gold:   14842      SH: 30    Dex: 17    Spells: 3/40 levels left

rFire   + +          +
                       - Unarmed
rCold   + . .        P - +8 tower shield of the Past {rCorr}
rNeg    + + +        w - +8 storm dragon scales
rPois   ∞            b - +2 hat
rElec   +            j - +2 cloak {Will+}
rCorr   +            (gloves unavailable)
SInv    +            (boots unavailable)
Will    ++++.        r - amulet "Tuadghay" {Fly Regen+ Str+2} Stlth
                     s - ring of Disaster {rF+ Slay+4}
HPRegen 2.33/turn    p - ring "Zaschijia" {^Contam rF++ rCorr Dex+6 SInv}
MPRegen 0.23/turn

%: no passive effects
@: death-form, flying, studying Alchemy
A: vile attack, torment immunity, no potions, large, unfitting armour, claws 3,
regeneration 1, shaggy fur 1, tough skin 1
0: Orb of Zot
}: 15/15 runes: serpentine, barnacled, slimy, silver, golden, iron, obsidian,
icy, bone, abyssal, demonic, glowing, magical, fiery, dark
a: Siphon Essence, Begin Untransformation, Renounce Religion, Wall Jump,
Serpent's Lash, Heavenly Storm


You escaped.
You worshipped Wu Jian.
Wu Jian was exalted by your worship.
You were an undying horror.
You visited 18 branches of the dungeon, and saw 86 of its levels.
You visited Pandemonium 3 times, and saw 18 of its levels.
You visited the Abyss 2 times.
You visited 3 bazaars.
You also visited: Trove, Ossuary, Gauntlet, Ice Cave, Wizlab and Desolation.

You collected 19267 gold pieces.
You spent 4425 gold pieces at shops.

Inventory:

Hand Weapons
 e - the +13 sceptre of Asmodeus
   (You took it off Asmodeus on level 7 of Gehenna)

   Fire Summon: It may summon demons of flame and damnation when striking foes.
Missiles
 c - 13 throwing nets {!f}
 M - 19 curare-tipped darts {!f}
 O - 207 large rocks (quivered)
 S - 24 javelins
 Y - 26 silver javelins
Armour
 b - a +2 hat (worn)
 j - a +2 cloak of willpower (worn)
 w - +8 storm dragon scales (worn)
 P - the +8 tower shield of the Past (worn) {rCorr}
   (You acquired it on level 1 of the Depths)

   rCorr:     It protects you from acid and corrosion.
 T - the orb of Dispater {+Damnation *Corrode AC+5}
   (You took it off Dispater on level 7 of the Iron City of Dis)

   +Damnation: It grants the ability to hurl damnation at the cost of health and
   magic, with strength depending on Evocations skill.
   AC+5:      It affects your AC (+5).
   *Corrode:  It may corrode you when you take damage.
Jewellery
 p - the ring "Zaschijia" (right claw) {^Contam rF++ rCorr Dex+6 SInv}
   (You found it on level 3 of the Tomb of the Ancients)

   [ring of dexterity]

   Dex+6:     It affects your dexterity (+6).
   rF++:      It greatly protects you from fire.
   SInv:      It lets you see invisible.
   ^Contam:   It causes magical contamination when unequipped.
   rCorr:     It protects you from acid and corrosion.
 r - the amulet "Tuadghay" (around neck) {Fly Regen+ Str+2}
   (You found it in a treasure trove)

   [amulet of regeneration]

   Str+2:     It affects your strength (+2).
   Fly:       It grants you flight.
   Regen+:    It increases your rate of health regeneration.
 s - the ring of Disaster (left claw) {rF+ Slay+4}
   (You found it in a treasure trove)

   [ring of slaying]

   Slay+4:    It affects your accuracy & damage with ranged weapons and melee
   (+4).
   rF+:       It protects you from fire.
Talismans
 d - a talisman of death (active)
 t - a granite talisman
Wands
 h - a wand of charming (115)
 u - a wand of mindburst (38)
 C - a wand of digging (27)
 E - a wand of roots (89)
 K - a wand of quicksilver (46)
Scrolls
 f - 6 scrolls of blinking
 i - 17 scrolls of immolation {!r}
 x - 11 scrolls of butterflies
 y - 9 scrolls of vulnerability {!r}
 z - 5 scrolls of fear
 B - 9 scrolls of fog
 U - 19 scrolls of teleportation
 W - 8 scrolls of silence
Potions
 a - 6 potions of resistance
 g - a potion of magic
 n - 11 potions of might
 o - 20 potions of mutation {!q}
 v - 8 potions of cancellation
 A - 10 potions of enlightenment {flight, Will+}
 F - 14 potions of haste
 H - 17 potions of brilliance
 I - 14 potions of heal wounds
 J - 9 potions of invisibility
 L - 29 potions of curing
 N - 8 potions of ambrosia
 Q - 11 potions of attraction {!q}
 V - 8 potions of berserk rage
 Z - 10 potions of lignification {!q}
Miscellaneous
 k - a phial of floods
 D - a phantom mirror
 G - a figurine of a ziggurat {!*}
 R - a sack of spiders
 X - the horn of Geryon


   Skills:
 O Level 27 Fighting
 - Level 6.0 Throwing
 - Level 20.0 Armour
 - Level 10.0 Dodging
 - Level 21.0 Shields
 O Level 27 Unarmed Combat
 - Level 7.0 Spellcasting
 - Level 18.3 Translocations
 - Level 11.0 Air Magic
 - Level 11.0 Earth Magic
 - Level 9.0 Alchemy
 + Level 24.7 Shapeshifting


You had 3 spell levels left.
You knew the following spells:

 Your Spells              Type           Power      Damage    Failure   Level
a - Apportation           Tloc           80%        N/A       1%          1
b - Blink                 Tloc           80%        N/A       1%          2
c - Fugue of the Fallen   Necr           3%         N/A       86%         3
d - Dispersal             Tloc           20%        N/A       4%          6
i - Irradiate             Conj/Alch      6%         3d13      94%         5
l - Lesser Beckoning      Tloc           80%        N/A       1%          2
m - Manifold Assault      Tloc           40%        N/A       1%          4
p - Passage of Golubria   Tloc           40%        N/A       1%          4
s - Swiftness             Air            25%        N/A       1%          3
v - Vhi's Electric Charg  Tloc/Air       64%        N/A       1%          4
w - Passwall              Erth           25%        N/A       1%          3

Your spell library contained the following spells:

 Spells                   Type           Power      Damage    Failure   Level
 Sandblast                Erth           50%        2d12      1%          1
 Mercury Vapours          Alch/Air       46%        N/A       1%          2
 Momentum Strike          Conj/Tloc      42%        3d9       1%          2
 Gell's Gravitas          Tloc           40%        N/A       1%          3
 Teleport Other           Tloc           40%        N/A       1%          3
 Volatile Blastmotes      Fire/Tloc      42%        2d13      4%          3
 Shock                    Conj/Air       56%        1d6       6%          1
 Cigotuvi's Dreadful Rot  Necr/Alch/Air  32%        N/A       6%          2
 Sting                    Conj/Alch      48%        1d6       9%          1
 Static Discharge         Conj/Air       28%        3-5/arc   9%          2
 Mephitic Cloud           Conj/Alch/Air  16%        N/A       12%         3
 Stone Arrow              Conj/Erth      28%        3d8       19%         3
 Foxfire                  Conj/Fire      12%        2x1d4     50%         1
 Freeze                   Ice            12%        1d3       50%         1
 Kiss of Death            Conj/Necr      12%        2d6       50%         1
 Magic Dart               Conj           12%        1d3       50%         1
 Necrotise                Necr           12%        1d4       50%         1
 Slow                     Hex            12%        N/A       50%         1
 Summon Small Mammal      Summ           12%        N/A       50%         1
 Call Imp                 Summ           6%         N/A       65%         2
 Jinxbite                 Hex            6%         N/A       65%         2
 Scorch                   Fire           6%         2d5       65%         2
 Searing Ray              Conj           6%         2d4       65%         2
 Sublimation of Blood     Necr           3%         N/A       65%         2
 Call Canine Familiar     Summ           3%         N/A       86%         3
 Confusing Touch          Hex            3%         N/A       86%         3
 Dazzling Flash           Conj/Hex       6%         N/A       86%         3
 Frozen Ramparts          Ice            6%         1d1       86%         3
 Hailstorm                Conj/Ice       3%         3d5       86%         3
 Inner Flame              Hex/Fire       3%         N/A       86%         3
 Ozocubu's Armour         Ice            3%         N/A       86%         3
 Sigil of Binding         Hex            3%         N/A       86%         3
 Tukima's Dance           Hex            3%         N/A       86%         3
 Vampiric Draining        Necr           3%         2d6       86%         3
 Airstrike                Air            12%        2d(2-18)  6%          4
 Petrify                  Alch/Erth      23%        N/A       10%         4
 Dimensional Bullseye     Hex/Tloc       10%        N/A       14%         4
 Iskenderun's Mystic Bla  Conj/Tloc      21%        2d6       14%         4
 Olgreb's Toxic Radiance  Alch           21%        N/A       14%         4
 Lee's Rapid Deconstruct  Erth           12%        3d9*      17%         5
 Alistair's Intoxication  Alch           14%        N/A       36%         5
 Summon Forest            Summ/Tloc      10%        N/A       36%         5
 Animate Armour           Summ/Erth      28%        N/A       52%         4
 Brom's Barrelling Bould  Conj/Erth      14%        2d4       52%         4
 Summon Lightning Spire   Summ/Air       14%        N/A       52%         4
 Fulminant Prism          Conj/Alch      6%         3d7       65%         4
 Ignite Poison            Fire/Alch      12%        N/A       65%         4
 Sticky Flame             Fire/Alch      12%        2d5       65%         4
 Arcjolt                  Conj/Air       7%         1d17      86%         5
 Borgnjor's Vile Clutch   Necr/Erth      7%         N/A       86%         5
 Silence                  Hex/Air        7%         N/A       86%         5
 Eringya's Noxious Bog    Alch           10%        4d6       91%         6
 Disjunction              Tloc           20%        N/A       91%         8
 Yara's Violent Unravell  Hex/Alch       6%         3d5       94%         5
 Freezing Cloud           Conj/Ice/Air   5%         6-21      98%         5
 Anguish                  Hex/Necr       1%         N/A       99%         4
 Animate Dead             Necr           3%         N/A       99%         4
 Cause Fear               Hex            1%         N/A       99%         4
 Dispel Undead            Necr           3%         3d7       99%         4
 Flame Wave               Conj/Fire      3%         2d5       99%         4
 Martyr's Knell           Necr/Summ      3%         N/A       99%         4
 Summon Blazeheart Golem  Fire/Summ      3%         N/A       99%         4
 Curse of Agony           Necr           3%         N/A       100%        5
 Fireball                 Conj/Fire      1%         3d3       100%        5
 Metabolic Englaciation   Hex/Ice        1%         N/A       100%        5
 Summon Mana Viper        Hex/Summ       3%         N/A       100%        5
 Conjure Ball Lightning   Conj/Air       7%         3x3d6     100%        6
 Death Channel            Necr           1%         N/A       100%        6
 Plasma Beam              Fire/Air       7%         2x1d17    100%        6
 Sculpt Simulacrum        Ice/Alch       6%         N/A       100%        6
 Starburst                Conj/Fire      1%         6d3       100%        6
 Summon Cactus Giant      Summ           1%         N/A       100%        6
 Enfeeble                 Hex            1%         N/A       100%        7
 Haunt                    Necr/Summ      1%         N/A       100%        7
 Ozocubu's Refrigeration  Ice            1%         4d7       100%        7
 Spellforged Servitor     Conj/Summ      1%         N/A       100%        7
 Borgnjor's Revivificati  Necr           1%         N/A       100%        8
 Discord                  Hex            1%         N/A       100%        8
 Ignition                 Fire           1%         3d3       100%        8
 Infestation              Necr           1%         N/A       100%        8
 Maxwell's Capacitive Co  Air            12%        ∞         100%        8
 Death's Door             Necr           1%         N/A       100%        9
 Polar Vortex             Ice            1%         N/A       100%        9
 Shatter                  Erth           12%        3d13*     100%        9


Dungeon Overview and Level Annotations

Branches:
Dungeon (15/15)            Temple (1/1) D:7            Lair (5/5) D:10
 Shoals (4/4) Lair:2        Snake (4/4) Lair:3        Slime (5/5) Lair:5
    Orc (2/2) D:12            Elf (3/3) Orc:2        Vaults (5/5) D:14
  Crypt (3/3) Vaults:3       Tomb (3/3) Crypt:3      Depths (4/4) D:15
   Hell (visited)             Dis (7/7) Hell            Geh (7/7) Hell
    Coc (7/7) Hell            Tar (7/7) Hell            Zot (5/5) Depths:4
Ossuary (visited)           IceCv (visited)          WizLab (visited)
Desolation (visited)      Gauntlet (visited)

Altars:
Ashenzari
Cheibriados
Dithmenos
Elyvilon
Fedhas
Gozag
Hepliaklqana
Kikubaaqudgha
Makhleb
Nemelex Xobeh
Okawaru
Qazlal
Ru
Sif Muna
Trog
Uskayaw
Vehumet
Wu Jian
Xom
Yredelemnul
Zin
The Shining One
Jiyva

Shops:
D:9 :   D:10 :   Orc:1 *   Orc:2 ?:(([   Elf:1 (   Elf:3 ?*(   Shoals:1 ?
Snake:1 (!   Snake:2 (*   Zot:5 *   Depths:1 ([   Depths:2 :[:*::   Depths:3 *
Depths:4 (((

Portals:
Hell: Depths:1 Depths:2 Depths:3 Depths:4
Abyss: Depths:2 Depths:3 Depths:4
Pandemonium: Depths:1 Depths:2


Innate Abilities, Weirdness & Mutations

You are an undying horror.
Your melee and unarmed attacks drain, slow and weaken victims.
You are immune to unholy pain and torment.
You cannot drink.
You are immune to poison.
You are too large for most types of armour.
You have claws for hands.
Your natural rate of healing is unusually fast.
You are covered in fur. (AC +1)
You have tough skin. (AC +1)


Message History

The Council accepts your kill.
There is a stone staircase leading up here.
You fly upwards.
There is a stone staircase leading down here.
What level of the Dungeon? (default 1, ? - help)
There is an escape hatch in the ceiling here.
A mysterious force pulls you upwards. The hatch slams shut behind you.
An Executioner comes into view.
The Executioner gestures.
The Executioner seems to speed up.
A Joosoiq and a hellwing come into view.
Joosoiq screeches, "Face thy requiem, thou loggerheaded common-kissing jarkman!"
The hellwing gives a chilling moan.
You block the Executioner's attack. x4
The Executioner hits you but does no damage. x2
The hellwing moves out of view.
A lich comes into view.
Press: ? - help, v - describe, . - travel
Here: Joosoiq The floor.
You spin and attack the Executioner repeatedly.
The lich shouts!
You eviscerate the Executioner!!!
The Executioner decays.
The Executioner is almost dead.
You mangle the Executioner!!
You kill the Executioner!
The Council accepts your kill.
Joosoiq launches a ball of destructive magic.
An orb of destruction comes into view.
You reach down and open the gate.
There is an open gate here.
Joosoiq gestures. x2
The demonic crawler gives a hideous shriek!
The goliath frog attacks as it pursues you!
The goliath frog hits you but does no damage.
The hell rat roars deafeningly!
There is a staircase leading out of the dungeon here.
Okay, then.
You block the goliath frog's attack.
You have escaped!

............#..#.....##.....#
............#..##...........#
............#......)..#.....#
##.#...#.##.#......#..#.....#
#.#...#..............#######
#.#>..#.#...#........#
#.#...#..#..##'''##..#
#.......#.#.#.....#).###
####.#####..#..z..#....#
#.....#..#.....#....# #####
####.###.##s#.&F..#.##.###...###
#......#.##r##'''##.............
#..#.#.#.##.........##.###...###
##..#......Lr##.........# #####
....###.#.##°###........#
###.....#.##&.......#####
#######.##..#####.#


You could see Joosoiq, a demonic crawler (summoned) and a goliath frog
(summoned).

Vanquished Creatures
  Cerebov (Pan)
  Antaeus (Coc:7)
  the Royal Jelly (Slime:5)
  Asmodeus (Geh:7)
  Mnoleg (Pan)
  4 pandemonium lords (Pan)
  Ereshkigal (Tar:7)
  Gloorx Vloq (Pan)
  the Serpent of Hell (Coc:7)
  Lom Lobon (Pan)
  14 dread liches
  Dispater (Dis:7)
  2 orbs of fire (Zot:5)
  8 ancient liches
  Josephina (Crypt:1)
  31 royal mummies
  6 juggernauts
  6 Killer Klowns
  18 shard shrikes
  Vashnia (Snake:4)
  26 caustic shrikes
  Geryon (Hell)
  3 curse toes
  Nikola (Elf:1)
  the Enchantress (D:15)
  12 golden dragons
  Jory (Vaults:4)
  16 bone dragons
  6 profane servitors
  4 electric golems
  9 iron giants
  18 Tzitzimimeh
  14 doom hounds
  21 Brimstone Fiends
  6 hellephants
  Zenata (Elf:1)
  26 Hell Sentinels
  Jorgrun (D:14)
  25 Orb Guardians (Zot:5)
  11 tentacled monstrosities
  14 tainted leviathans
  2 deep elf blademasters
  16 Ice Fiends
  A moon troll (WizLab)
  Asterion (Snake:4)
  7 liches
  7 quicksilver dragons
  Mlioglotl (Snake:4)
  36 searing wretches
  20 acid blobs
  16 titans
  Murray (Hell)
  16 sphinxes
  3 krakens
  28 Executioners
  A walking divine tome (Depths:2)
  Polyphemus (Shoals:3)
  29 ancient champions
  11 tentacled starspawn
  3 deep elf master archers
  11 death cobs
  Kirke (D:13)
  13 storm dragons
  13 shadow dragons
  Aizul (Snake:4)
  11 tengu reavers
  6 nagarajas
  12 rockslimes
  6 draconian monks
  13 azure jellies
  Ilsuiw (Shoals:2)
  3 deep elf sorcerers (Elf:3)
  16 narguns
  12 protean progenitors
  2 revenants
  12 demonspawn warmongers (Pan)
  6 draconian knights
  2 fenstrider witches (Pan)
  10 quicksilver elementals
  10 frost giants
  5 draconian shifters
  8 iron dragons
  An imperial myrmidon (Desolation)
  20 fire giants
  43 balrugs
  6 vault wardens
  8 shard shrike simulacra
  6 draconian scorchers
  3 draconian stormcallers
  The ghost of raetorn the Eclecticist, a journeyman DjIE of Makhleb (Shoals:4)
  7 orc warlords
  6 curse skulls
  An angel (Abyss:3)
  9 deep elf elementalists
  3 ghouls
  13 draconian annihilators
  11 cacodemons
  6 spriggan defenders
  7 caustic shrike skeletons
  19 very ugly things
  3 ghost moths
  6 quicksilver oozes
  25 reapers
  14 demonspawn blood saints (Pan)
  3 formless jellyfish
  5 juggernaut skeletons
  5 ironbound thunderhulks
  10 deep elf demonologists
  8 demonspawn corrupters (Pan)
  16 ironbound preservers
  27 stone giants
  6 black draconians
  2 ophanim (Abyss:3)
  18 green draconians
  5 lorocyprocas
  5 eleionomae (Depths:3)
  13 elemental wellsprings
  16 putrid mouths
  The ghost of Befuwnopp the Grappler, a journeyman TrHu of Cheibriados (Lair:3)
  22 vampire knights
  15 wendigos
  2 halazid warlocks (Desolation)
  A minotaur (Gauntlet)
  11 deep elf death magi
  14 bennus
  19 iron golems
  10 white draconians
  10 dire elephants
  6 red draconians
  8 spark wasps
  39 war gargoyles
  11 purple draconians
  10 demonspawn black suns (Pan)
  13 deep elf annihilators
  14 yellow draconians
  Snorg (Orc:1)
  14 blizzard demons
  6 crystal guardians
  10 eidola
  20 mummy priests
  9 merfolk impalers
  A spectral iron giant (Tar:1)
  14 ettins
  9 fire dragons
  7 ragged hierophants (Desolation)
  19 jiangshi
  15 green deaths
  7 deep elf high priests
  7 merfolk javelineers
  2 spectral spriggans
  14 yaktaur captains
  2 spriggan zombies
  15 great orbs of eyes
  6 salamander tyrants
  An entropy weaver (Vaults:1)
  7 caustic shrike simulacra
  7 ice dragons
  9 peacekeepers
  Fannar (D:11)
  4 centaur warriors
  32 vault guards
  8 rakshasas
  7 juggernaut simulacra
  7 hydras
  4 hell beasts
  6 merfolk avatars
  6 servants of whispers (Desolation)
  A spriggan skeleton (Crypt:3)
  7 ironbound frosthearts
  4 death knights
  An alligator snapping turtle (Shoals:4)
  Erica (D:11)
  4 ogre magi
  6 merfolk aquamancers
  3 radroaches
  A catoblepas (Shoals:3)
  4 spriggan air magi
  2 fenstrider witch skeletons
  13 anacondas
  7 boulder beetles
  11 stokers
  2 deep troll shamans
  12 naga warriors
  2 sphinx skeletons
  14 two-headed ogres
  3 satyrs
  78 death scarabs
  40 dancing weapons
  2 demonic crawlers
  3 tengu warriors
  10 deep troll earth magi
  A titan zombie (Crypt:3)
  3 death yaks (Shoals:3)
  6 shock serpents
  Urug (Lair:1)
  39 hell hogs
  2 spriggan berserkers
  7 thrashing horrors
  16 crystal echidnas
  6 holy swine (Pan)
  12 vampire magi
  17 soul eaters
  14 naga sharpshooters
  An occultist (Abyss:3)
  5 orc high priests
  21 deep elf knights
  25 hell knights
  4 wretched stars
  3 storm dragon zombies (Crypt:3)
  67 sun demons
  5 hellephant skeletons (Pan)
  18 skeletal warriors
  6 skysharks
  6 salamander mystics
  A skyshark (shapeshifter) (D:14)
  5 iron trolls
  3 golden dragon zombies
  13 shadow wraiths
  Lodul (D:13)
  3 cherubim
  A spark wasp zombie (Depths:2)
  An anaconda zombie (Hell)
  12 sixfirhies
  A death drake (shapeshifter) (Depths:2)
  A goliath frog (Zot:1)
  16 sea snakes
  5 quicksilver dragon simulacra
  A spatial maelstrom (Abyss:3)
  3 shadow demons (Pan)
  3 orange crystal statues
  8 spectral anacondas
  49 deep trolls
  5 arcanists
  A glowing orange brain (shapeshifter) (Depths:2)
  A spectral iron dragon (Tar:1)
  A shadow dragon zombie (Crypt:3)
  12 glowing orange brains
  14 mana vipers
  41 harpies
  3 bog bodies
  11 naga ritualists
  5 flayed ghosts
  A golden dragon skeleton (Tomb:1)
  17 lindwurms
  16 deep elf archers
  Pikel (D:4)
  24 deep elf zephyrmancers
  13 orc knights
  20 ironbound convokers
  33 deep elf pyromancers
  11 necromancers
  16 phantasmal warriors
  2 frost giant zombies
  2 sun moths (Pan)
  A wolf spider (D:15)
  7 shining eyes
  A stone giant zombie (Vaults:2)
  A spectral ettin (Tar:6)
  32 ugly things
  19 salamanders
  14 manticores
  An alligator zombie (Hell)
  9 fauns
  A fire giant skeleton (Depths:2)
  2 manticores (shapeshifter) (Vaults:5)
  A worldbinder (Abyss:3)
  A spectral centaur (Tar:1)
  Maurice (D:8)
  21 moths of wrath
  16 elephants
  7 cyclopes
  9 orc sorcerers
  A toenail golem (Zot:3)
  9 guardian serpents
  7 merfolk sirens
  A meliai (shapeshifter) (D:13)
  3 meliai (D:14)
  A shock serpent zombie (Crypt:3)
  12 naga magi
  5 kobold blastminers
  8 eyes of devastation
  7 rust devils (Hell)
  3 ice statues
  12 water nymphs
  31 black mambas
  A storm dragon simulacrum (Coc:1)
  An apocalypse crab (Abyss:3)
  5 titan simulacra
  16 vault sentinels
  32 smoke demons
  2 gargoyles
  A black mamba (shapeshifter) (Orc:2)
  A human zombie (Vaults:2)
  14 hellions
  21 large abominations
  A centaur skeleton (Crypt:3)
  7 yaktaurs
  18 orange demons
  8 komodo dragons
  15 freezing wraiths
  2 rime drakes
  A komodo dragon (shapeshifter) (Depths:4)
  2 kobold demonologists
  5 cane toads
  2 dire elephant skeletons (Crypt:3)
  17 tormentors
  2 iron giant simulacra
  7 unseen horrors
  4 bunyip simulacra
  7 efreet
  A sea snake zombie (Hell)
  4 golden dragon simulacra
  61 guardian mummies
  2 ice devils
  5 anaconda simulacra
  3 tengu conjurers
  A death yak skeleton (Crypt:3)
  A catoblepas skeleton (Crypt:3)
  7 red devils
  5 ancient zymes
  23 wind drakes
  A hydra zombie (Hell)
  A shadow dragon simulacrum (Coc:1)
  24 hellwings
  2 sea snake skeletons (Hell)
  22 merfolk
  2 harpy zombies
  A tarantella (Vaults:1)
  13 hornets
  A wolf spider simulacrum (Gauntlet)
  An alligator simulacrum (Coc:1)
  7 trolls
  31 blink frogs
  A harpy skeleton (Tomb:2)
  A tarantella (shapeshifter) (D:14)
  Grinder (D:3)
  8 polar bears
  56 saltlings (Desolation)
  4 snapping turtles
  An ettin zombie (Crypt:3)
  7 glass eyes
  18 dream sheep
  2 stone giant simulacra (Coc:2)
  A hydra skeleton (Hell)
  A human simulacrum (Vaults:2)
  Sigmund (D:5)
  4 centaur simulacra
  105 slime creatures
  An ice dragon zombie (Crypt:3)
  A culicivora (Lair:5)
  21 spriggans
  16 water elementals
  23 ynoxinuls
  12 small abominations
  A yak (shapeshifter) (D:14)
  25 vampires (Crypt:3)
  3 air elementals
  6 dire elephant simulacra
  9 wyverns
  3 naga simulacra
  A fire elemental (Elf:1)
  59 yaks
  10 ushabtiu
  3 hogs (D:14)
  11 neqoxecs
  10 wraiths
  5 basilisks
  6 golden eyes
  Grum (D:11)
  An alligator snapping turtle simulacrum (Coc:2)
  2 steam dragons
  7 wargs
  A basilisk (shapeshifter) (Abyss:3)
  2 vampire mosquitoes (D:11)
  5 redbacks
  8 chaos spawn
  2 spriggan simulacra
  A spatial vortex (Abyss:3)
  5 acid dragons
  39 nagas
  A cane toad zombie (Crypt:1)
  A deep troll zombie (Crypt:3)
  14 harpy simulacra
  A fire bat zombie (Crypt:2)
  3 hydra simulacra
  A glowing shapeshifter skeleton (Depths:2)
  A fire bat skeleton (Crypt:3)
  3 hell hounds (Hell)
  36 orc warriors
  15 water moccasins
  A meliai simulacrum (D:14)
  A naga skeleton (Tomb:3)
  2 ice beasts
  5 ettin simulacra
  9 laughing skulls
  3 sky beasts
  7 black bears
  33 wolves
  8 boggarts
  2 centaurs (D:9)
  A crocodile (shapeshifter) (Elf:1)
  32 ogres
  26 starcursed masses
  A phantom (D:4)
  A rime drake skeleton (Crypt:1)
  A weeping skull (Abyss:3)
  3 kobold brigands
  2 brain worms
  Blork the orc (D:5)
  A wyvern zombie (Crypt:3)
  A necrophage (Crypt:1)
  7 scorpions
  An elf skeleton (Crypt:3)
  5 elf zombies
  11 bullfrogs
  A draconian skeleton (Crypt:2)
  5 gnoll sergeants
  2 earth elementals
  A wyvern skeleton (Crypt:2)
  3 wights (D:9)
  A warg skeleton (Crypt:2)
  A burial acolyte (Ossuary)
  A hornet simulacrum (Gauntlet)
  2 water moccasin skeletons
  2 lindwurm simulacra (IceCv)
  10 killer bees
  8 howler monkeys
  3 jellies
  A crimson imp (D:4)
  2 bombardier beetles
  4 centaur zombies
  2 quasits
  25 orc priests
  9 hounds
  5 gnoll boudas
  An iron imp (Abyss:2)
  4 hell rats (Hell)
  6 iguanas
  A sleepcap (D:7)
  33 orc wizards
  2 naga zombies
  A crocodile zombie (Ossuary)
  2 hound zombies (Ossuary)
  43 mummies
  An ogre skeleton (Crypt:1)
  Robin (D:3)
  21 gnolls
  2 adders
  4 shadow imps (Tar:7)
  3 white imps
  2 ufetubi
  A jelly zombie (Crypt:2)
  An adder skeleton (Crypt:1)
  8 adder zombies (Ossuary)
  4 dart slugs
  94 orcs
  5 endoplasms
  4 gnoll zombies (Ossuary)
  11 goblins
  6 hobgoblins
  3 jackals (D:3)
  9 kobolds
  4 quokkas
  3 ball pythons
  A ball python skeleton (Crypt:2)
  6 bats
  A bombardier beetle zombie (Crypt:2)
  A dart slug zombie (Crypt:1)
  8 frilled lizards
  A goblin skeleton (D:4)
  A goblin zombie (D:4)
  A hobgoblin zombie (D:4)
  2 jackal zombies (Ossuary)
  4 kobold zombies (Ossuary)
  An orc skeleton (D:4)
  3 orc zombies
  3 rats
  10 aspiring fleshes
  4 butterflies (Lair:2)
  6 creeping infernos
  11 fire vortices
  A lurking horror (Abyss:2)
  16 starspawn tentacles
  11 tentacles (Shoals:1)
4292 creatures vanquished.

Vanquished Creatures (others)
  2 eldritch tentacles
  A draconian knight (Zot:3)
  A nagaraja (Pan)
  A deep elf sorcerer (Elf:3)
  2 draconian annihilators (Pan)
  A shard shrike simulacrum (Coc:7)
  A demonspawn blood saint (Pan)
  A blizzard demon (Pan)
  A rakshasa (Pan)
  A caustic shrike simulacrum (Coc:7)
  3 juggernaut simulacra (Coc:7)
  2 deep elf knights
  A deep elf archer (Elf:3)
  A spriggan simulacrum (Coc:5)
  An orc knight (Vaults:2)
  A deep elf zephyrmancer (Elf:1)
  A fenstrider witch simulacrum (Coc:1)
  2 smoke demons (Pan)
  An anaconda simulacrum (Coc:5)
  2 tormentors
  A freezing wraith (Hell)
  A bunyip simulacrum (Coc:2)
  A hellwing (Pan)
  2 wind drakes (Pan)
  A merfolk (Shoals:4)
  A saltling (Desolation)
  A stone giant simulacrum (Coc:5)
  A dream sheep (Shoals:4)
  A small abomination (Abyss:1)
  A human (D:14)
  A naga simulacrum (Coc:6)
  A neqoxec (Pan)
  A fire elemental (Elf:3)
  A hydra simulacrum (Coc:5)
  An ettin simulacrum (Coc:6)
  2 hell rats (Hell)
  An orc (Orc:1)
  9 ball lightnings (Pan)
  7 creeping infernos
  3 fire vortices
  A lurking horror (Abyss:3)
  23 starspawn tentacles
  20 tentacles (Shoals:1)
109 creatures vanquished.

Grand Total: 4401 creatures vanquished

Notes
Turn   | Place    | Note
-------+----------+-------------------------------------------
     0 | D:1      | grothendieck the Troll Gladiator began the quest for the
                  | Orb.
     0 | D:1      | Reached XP level 1. HP: 19/19 MP: 0/0
   152 | D:1      | Reached XP level 2. HP: 28/28 MP: 1/1
   956 | D:2      | Reached XP level 3. HP: 35/35 MP: 2/2
  1344 | D:3      | Noticed Robin
  1402 | D:3      | Found a shimmering altar of Xom.
  1402 | D:3      | Found a basalt altar of Yredelemnul.
  1540 | D:3      | Noticed Grinder
  1768 | D:4      | Reached XP level 4. HP: 44/44 MP: 3/3
  1781 | D:4      | Found a glowing golden altar of the Shining One.
  1823 | D:4      | Noticed a gnoll sergeant
  1974 | D:4      | Noticed an ogre
  2151 | D:4      | Reached skill level 5 in Unarmed Combat
  2151 | D:4      | Reached XP level 5. HP: 48/50 MP: 4/4
  2569 | D:3      | Paralysed by Grinder for 3 turns
  2574 | D:3      | Paralysed by Grinder for 3 turns
  2593 | D:3      | Paralysed by Grinder for 3 turns
  2887 | D:4      | Identified the ring "Amuzxoecsu" {+Blink rC+ Will- MP+9
                  | Slay+3}
  3049 | D:5      | Entered Level 5 of the Dungeon
  3049 | D:5      | Noticed Blork the orc
  3097 | D:5      | Noticed a phantom
  3103 | D:5      | Found an iron altar of Okawaru.
  3155 | D:4      | Killed a phantom
  3156 | D:4      | Reached XP level 6. HP: 56/61 MP: 5/5
  3218 | D:5      | Killed Blork the orc
  3278 | D:5      | Noticed a sky beast
  3307 | D:5      | Killed a sky beast
  3362 | D:5      | Found a sand-covered staircase.
  3380 | Ossuary  | Entered an ossuary
  3414 | Ossuary  | Reached XP level 7. HP: 68/68 MP: 6/6
  3798 | D:5      | Found a stormy altar of Qazlal.
  3798 | D:5      | Noticed Sigmund
  3803 | D:5      | Killed Sigmund
  3804 | D:5      | Reached XP level 8. HP: 73/79 MP: 7/7
  3818 | D:5      | Reached skill level 5 in Fighting
  4065 | D:5      | Found a snail-covered altar of Cheibriados.
  4165 | D:5      | Noticed Pikel
  4202 | D:4      | Killed Pikel
  4271 | D:5      | Reached skill level 10 in Unarmed Combat
  4275 | D:5      | Reached XP level 9. HP: 81/89 MP: 8/8
  4284 | D:5      | Noticed a troll
  4651 | D:6      | Found a hide-covered altar of Uskayaw.
  5639 | D:6      | Noticed a kobold demonologist
  5646 | D:6      | Noticed a rust devil
  5656 | D:6      | Noticed a rust devil
  5772 | D:6      | Reached XP level 10. HP: 91/102 MP: 9/9
  6018 | D:6      | Noticed a soul eater
  6446 | D:7      | Found a staircase to the Ecumenical Temple.
  6457 | Temple   | Found a transporter.
  6457 | Temple   | Found a transporter.
  6457 | Temple   | Found a transporter.
  6457 | Temple   | Found a transporter.
  6457 | Temple   | Entered the Ecumenical Temple
  6595 | D:7      | Found a shadowy altar of Dithmenos.
  6628 | D:7      | Found an ornate altar of the Wu Jian Council.
  6658 | D:7      | Became a worshipper of the Wu Jian Council
  6976 | D:7      | Reached skill level 1 in Shapeshifting
  7251 | D:7      | Reached * piety under Wu Jian
  7502 | D:8      | Noticed Maurice
  7587 | D:8      | Something stole a +1 dagger of venom
  7589 | D:8      | Something stole 92 gold
  7591 | D:8      | Something stole a ring of protection from cold
  7592 | D:8      | Something stole 381 gold
  7594 | D:8      | Something stole 4 large rocks
  7597 | D:8      | Killed Maurice
  8424 | D:8      | Reached XP level 11. HP: 99/111 MP: 10/10
  8623 | D:9      | Noticed a walking divine tome
  8625 | D:9      | Found Xetwieto's Book Boutique.
  8627 | D:9      | Noticed a walking divine tome
  8735 | D:9      | Reached skill level 5 in Shapeshifting
  8890 | D:9      | Found a shimmering blue altar of Sif Muna.
  9576 | D:9      | Reached ** piety under Wu Jian
  9681 | D:10     | Entered Level 10 of the Dungeon
  9719 | D:10     | Found an ancient bone altar of Kikubaaqudgha.
  9720 | D:10     | Found a blossoming altar of Fedhas.
  9741 | D:10     | Noticed a two-headed ogre
  9781 | D:10     | Found a sparkling altar of Nemelex Xobeh.
 10245 | D:10     | Found Karomayl's Book Shoppe.
 10379 | D:10     | Reached skill level 1 in Shields
 10622 | D:10     | Found a staircase to the Lair.
 10785 | Lair:1   | Entered Level 1 of the Lair of Beasts
 11031 | Lair:2   | Noticed a seven-headed hydra
 11131 | Lair:1   | Noticed Urug
 11151 | Lair:1   | Killed Urug
 11881 | Lair:2   | Noticed a four-headed hydra
 11886 | Lair:2   | Killed a four-headed hydra
 11887 | Lair:2   | Reached XP level 12. HP: 121/123 MP: 11/11
 12000 | Lair:2   | Reached *** piety under Wu Jian
 12128 | Lair:2   | Found a staircase to the Shoals.
 12524 | Lair:3   | Found a staircase to the Snake Pit.
 12856 | Lair:3   | Identified the +1 trident "Glorpo" {antimagic, rElec Will+
                  | SInv}
 12922 | Lair:4   | Reached skill level 5 in Shields
 13010 | Lair:5   | Entered Level 5 of the Lair of Beasts
 13178 | Lair:4   | Reached skill level 10 in Fighting
 13202 | Lair:5   | Reached **** piety under Wu Jian
 13266 | Lair:4   | Reached skill level 10 in Shapeshifting
 13274 | Lair:5   | Noticed a four-headed hydra
 13275 | Lair:5   | Paralysed by a hornet for 2 turns
 13279 | Lair:4   | Paralysed by a hornet for 2 turns
 13307 | Lair:4   | Killed an eight-headed hydra
 13308 | Lair:4   | Reached XP level 13. HP: 73/133 MP: 12/12
 13414 | Lair:4   | You fall into a shaft and drop 1 floor!
 13418 | Lair:5   | Noticed Nessos
 13419 | Lair:5   | Nessos changed into Nessos the culicivora
 13419 | Lair:5   | Noticed Nessos
 13426 | Lair:5   | Killed Nessos the culicivora
 13432 | Lair:5   | Found a staircase to the Slime Pits.
 13432 | Lair:5   | Found a viscous altar of Jiyva.
 13466 | Lair:5   | Reached skill level 15 in Unarmed Combat
 14930 | Lair:3   | Found a runed translucent door.
 15058 | Lair:3   | Reached ***** piety under Wu Jian
 15194 | Lair:3   | Noticed Befuwnopp's ghost (journeyman TrHu)
 15968 | Lair:4   | Reached skill level 1 in Armour
 15968 | Lair:4   | Reached XP level 14. HP: 148/148 MP: 13/13
 17974 | D:3      | Killed Robin
 18137 | D:3      | Killed Grinder
 18635 | D:11     | Noticed Erica
 18639 | D:11     | Killed Erica
 18742 | D:11     | Noticed Grum
 18760 | D:11     | Killed Grum
 19152 | D:11     | Noticed Fannar
 19164 | D:11     | Killed Fannar
 19807 | D:12     | Found a staircase to the Orcish Mines.
 20275 | Orc:1    | Entered Level 1 of the Orcish Mines
 20571 | Orc:1    | Noticed Snorg
 20574 | Orc:1    | Killed Snorg
 20726 | Orc:1    | Found Gisit's General Store.
 20750 | Orc:2    | Entered Level 2 of the Orcish Mines
 20868 | Orc:2    | Reached skill level 5 in Dodging
 21627 | Orc:2    | Found Ereatt's Magic Scroll Shoppe.
 21689 | Orc:2    | Reached XP level 15. HP: 127/153 MP: 14/14
 22224 | Orc:2    | Found Becolun's Book Shoppe.
 22414 | Orc:2    | Found Yquoloma's Weapon Boutique.
 22650 | Orc:2    | Reached ****** piety under Wu Jian
 22745 | Orc:2    | Found a staircase to the Elven Halls.
 23275 | Orc:2    | Found Jionk's Antique Armour Shoppe.
 23279 | Orc:2    | Found Givukh's Antique Weapon Emporium.
 23825 | D:13     | Noticed Lodul
 23893 | D:13     | Killed Lodul
 24094 | D:12     | Learned a level 1 spell: Apportation
 24097 | D:12     | Learned a level 2 spell: Blink
 24100 | D:12     | Learned a level 2 spell: Lesser Beckoning
 24105 | D:12     | Learned a level 4 spell: Passage of Golubria
 24110 | D:12     | Learned a level 4 spell: Vhi's Electric Charge
 24473 | D:13     | Found a bloodstained altar of Trog.
 24670 | D:14     | Found the +7 sceptre of Torment {pain, torment}
 24693 | D:14     | Noticed Kirke
 24719 | D:13     | Killed Kirke
 24803 | D:14     | Reached skill level 1 in Translocations
 24940 | D:14     | Reached skill level 1 in Spellcasting
 25439 | D:14     | Noticed Jorgrun
 25443 | D:14     | Killed Jorgrun
 25531 | D:14     | Noticed a storm dragon
 25538 | D:14     | Killed a storm dragon
 25628 | D:14     | Identified the amulet of Coepaag {Regen+ Dex+6}
 25630 | D:14     | Identified the dragon-blood talisman "Culixkis" {rN++}
 25768 | D:15     | Entered Level 15 of the Dungeon
 26128 | D:15     | Found a gate leading to a gauntlet.
 26142 | Gauntlet | Entered a Gauntlet
 26142 | Gauntlet | Found a transporter.
 26142 | Gauntlet | Found a transporter.
 26143 | Gauntlet | Found a transporter.
 26146 | Gauntlet | Found a transporter.
 26157 | Gauntlet | Found a transporter.
 26180 | Gauntlet | Found a transporter.
 26200 | Gauntlet | Found a transporter.
 26217 | Gauntlet | Found a transporter.
 26225 | Gauntlet | Found a transporter.
 26245 | Gauntlet | Found a transporter.
 26286 | Gauntlet | Found a transporter.
 26294 | Gauntlet | Found a transporter.
 26355 | Gauntlet | Identified the +0 pair of boots "Ynweo" {rElec rF++ rC-
                  | Dex+2}
 26404 | Gauntlet | Identified the +10 long sword "Utuff" {heavy, rPois rF+
                  | Will+ Stlth-}
 26487 | Gauntlet | Identified the +8 chain mail of Insecurity {Int+4 Dex+3}
 26493 | Gauntlet | Identified the staff "Cuth" {rPois Will+ Conj Alchemy}
 26493 | Gauntlet | Identified the +0 ring mail of the Eight Jumping Mice
                  | {rElec MP+9 Dex+3 Stlth+}
 26493 | Gauntlet | Identified the +0 chain mail of Light {Rampage rPois rC++
                  | Str+3}
 26545 | Gauntlet | Identified a scroll of acquirement
 26545 | Gauntlet | Acquired a +0 tower shield of protection
 27149 | D:15     | Reached XP level 16. HP: 170/170 MP: 17/17
 27160 | D:15     | Found a staircase to the Depths.
 27635 | D:14     | Found a gate to the Vaults.
 27715 | D:14     | Upgraded the game from 0.31.0-4-g52a2dc7128 to
                  | 0.31.0-9-g3a7656b989
 27899 | Snake:1  | Entered Level 1 of the Snake Pit
 28381 | Snake:1  | Found Sawemuh's Distillery.
 28386 | Snake:1  | Found Gisaylasch's Antique Weapon Boutique.
 28389 | Snake:1  | Bought a potion of heal wounds for 85 gold pieces
 28389 | Snake:1  | Bought a potion of haste for 170 gold pieces
 28800 | Snake:2  | Found Cijim's Assorted Antiques.
 28800 | Snake:2  | Found Jofum's Antique Weapon Emporium.
 28808 | Snake:2  | Bought a scroll labelled QEQEECKYWEE for 27 gold pieces
 29475 | Snake:2  | Reached skill level 15 in Shapeshifting
 29681 | Snake:2  | You are sucked into a shaft and drop 1 floor!
 30211 | Snake:3  | Reached XP level 17. HP: 178/178 MP: 18/18
 30893 | Snake:4  | Entered Level 4 of the Snake Pit
 31181 | Snake:4  | Found an iron altar of Okawaru.
 31181 | Snake:4  | Identified the serpent talisman "Vecigo" {rC+ Int+5 Dex-5
                  | SInv}
 31181 | Snake:4  | Noticed Aizul
 31352 | Snake:4  | Noticed Asterion
 31355 | Snake:4  | Killed Asterion
 31493 | Snake:4  | Noticed Vashnia
 31870 | Snake:4  | Killed Aizul
 32499 | Snake:4  | Killed Vashnia
 32997 | Snake:4  | Noticed Mlioglotl
 33001 | Snake:4  | Killed Mlioglotl
 33577 | Snake:4  | Got a serpentine rune of Zot
 33775 | Lair:3   | Killed Befuwnopp's ghost
 34459 | Vaults:1 | Entered Level 1 of the Vaults
 34699 | Vaults:1 | Reached XP level 18. HP: 191/191 MP: 19/19
 35443 | Vaults:1 | Identified the ring "Sahol" {Fire rCorr Str+2 Int-3}
 35598 | Vaults:1 | Reached skill level 15 in Fighting
 35605 | Vaults:1 | Reached skill level 5 in Translocations
 37236 | Snake:1  | Bought a potion of might for 68 gold pieces
 37236 | Snake:1  | Bought a potion of ambrosia for 136 gold pieces
 38149 | Vaults:2 | Noticed a lich
 38153 | Vaults:2 | Killed a lich
 38168 | Vaults:2 | Identified the +5 lajatang "Suaky" {drain, Fly Int+3}
 38657 | Vaults:3 | Found a portal to a secret trove of treasure.
 38725 | Vaults:3 | Reached XP level 19. HP: 201/201 MP: 21/21
 38878 | Vaults:3 | Found a crumbling gateway.
 38885 | Desolati | Entered the Desolation of Salt
 39198 | Desolati | Identified the ring "Necroac" {Ice Dex+3}
 39359 | Desolati | Got Fiet Qio's Secrets of Success
 39610 | Desolati | Found the +9 staff of Olgreb {rPois∞}
 39627 | Desolati | Identified the +0 robe of the Old World {-Tele Will+ Dex+2
                  | Slay+4}
 39628 | Desolati | Identified the +6 spear "Ehusig" {freeze, *Noise rPois rF++
                  | Int+3}
 39631 | Desolati | Identified the +0 plate armour of Complete Protection
                  | {rElec rPois rC+ Int+3}
 39633 | Desolati | Got the Anthology of the Lethal Wind
 39674 | Desolati | Identified the amulet "Myapaloh" {Acrobat rCorr}
 39676 | Desolati | Identified the +3 flail of Laexit {freeze, rElec rN+ Int+2}
 39962 | Vaults:3 | Found a staircase to the Crypt.
 41272 | Vaults:4 | Noticed Jory
 41312 | Vaults:4 | Identified the +7 war axe of the Sharing Gods {heavy,
                  | Dex+2}
 41343 | Vaults:4 | Reached XP level 20. HP: 213/213 MP: 23/23
 41613 | Vaults:4 | Killed Jory
 42239 | Shoals:1 | Entered Level 1 of the Shoals
 42487 | Shoals:1 | Found Tijuz's Magic Scroll Shop.
 43087 | Shoals:2 | Found a glacial archway.
 43100 | IceCv    | Entered an ice cave
 43106 | IceCv    | Found a transporter.
 43132 | IceCv    | Found a transporter.
 43709 | Shoals:3 | Noticed Polyphemus
 43716 | Shoals:3 | Noticed Ilsuiw
 43717 | Shoals:3 | Killed Polyphemus
 43777 | Shoals:2 | Reached skill level 10 in Dodging
 43928 | Shoals:2 | Killed Ilsuiw
 44382 | Shoals:4 | Entered Level 4 of the Shoals
 44571 | Shoals:4 | Identified the scarf "Batank" {shadows, ^Drain Slay+6}
 44624 | Shoals:4 | Found a transporter.
 44631 | Shoals:4 | Found a transporter.
 44666 | Shoals:4 | Identified the +1 short sword of the Moth {venom, *Rage rC+
                  | SInv}
 44666 | Shoals:4 | Noticed raetorn's ghost (journeyman DjIE)
 44666 | Shoals:4 | Found the ring of the Octopus King
 44860 | Shoals:4 | Identified the amulet "Gavizitou" {^Drain rN+ Regen+ Dex+2}
 45043 | Shoals:4 | Got a barnacled rune of Zot
 45723 | Shoals:3 | Reached XP level 21. HP: 222/222 MP: 26/26
 46034 | Elf:1    | Entered Level 1 of the Elven Halls
 46151 | Elf:1    | Noticed Nikola
 46158 | Elf:1    | Killed Nikola
 46243 | Elf:1    | Found Hymufuib's Antique Weapon Shop.
 46314 | Elf:1    | Paralysed by an air elemental for 1 turns
 46359 | Elf:1    | Noticed Zenata
 46527 | Elf:1    | Found a huge runed translucent gate.
 46527 | Elf:1    | Found a huge runed translucent gate.
 46824 | Elf:2    | Found a flickering gateway to a bazaar.
 46842 | Bazaar   | Entered a bazaar
 46842 | Bazaar   | Found Ezigg's Book Boutique.
 46842 | Bazaar   | Found Pehiolerr's Jewellery Boutique.
 46879 | Bazaar   | Found Ydubiun's Book Boutique.
 46928 | Bazaar   | Found Qeafyar's Antique Weapon Shop.
 46985 | Bazaar   | Bought the Lectures on Transposition and Anathema for 360
                  | gold pieces
 47177 | Elf:2    | Found a huge runed translucent gate.
 47177 | Elf:2    | Found a huge runed translucent gate.
 47177 | Elf:2    | Found a huge runed translucent gate.
 47177 | Elf:2    | Found a huge runed translucent gate.
 47178 | Elf:2    | Found a huge runed translucent gate.
 47201 | Elf:2    | Reached skill level 10 in Shields
 47227 | Elf:2    | Identified the +8 mace "Yfojog" {heavy, ^Drain Will+ Int+4}
 47471 | Elf:3    | Entered Level 3 of the Elven Halls
 47561 | Elf:3    | Found a flickering gateway to a bazaar.
 47577 | Bazaar   | Entered a bazaar
 47577 | Bazaar   | Found Saette Viovu's General Store.
 47577 | Bazaar   | Found Potistieca's General Store.
 47584 | Bazaar   | Found Liguegor's Magic Scroll Shoppe.
 47590 | Bazaar   | Bought a scroll of teleportation for 33 gold pieces
 47590 | Bazaar   | Bought a scroll of fear for 44 gold pieces
 47600 | Bazaar   | Found Zuifrol's General Store.
 47618 | Bazaar   | Bought a potion of curing for 33 gold pieces
 47618 | Bazaar   | Bought a potion of might for 44 gold pieces
 47618 | Bazaar   | Bought a potion of cancellation for 88 gold pieces
 47622 | Bazaar   | Bought 3 scrolls of teleportation for 99 gold pieces
 47622 | Bazaar   | Bought a scroll of teleportation for 33 gold pieces
 47622 | Bazaar   | Bought a scroll of enchant armour for 82 gold pieces
 47622 | Bazaar   | Bought a scroll of enchant armour for 82 gold pieces
 47636 | Bazaar   | Bought the amulet of Sin {Acrobat Rampage rC+ Int+6} for
                  | 905 gold pieces
 47729 | Elf:3    | Found Faulee Acwi's Magic Scroll Shop.
 47746 | Elf:3    | Bought a scroll of fear for 72 gold pieces
 47756 | Elf:3    | Paralysed by an air elemental for 1 turns
 47760 | Elf:3    | Paralysed by an air elemental for 1 turns
 47892 | Elf:3    | Found Daiseniam's Weapon Boutique.
 47901 | Elf:3    | Found Piotazeug's General Store.
 48798 | Elf:3    | Identified the +4 mace of Fate {pain, Will++}
 48800 | Elf:3    | Identified the +2 chain mail of Getwulihu {Rampage rElec
                  | MP+9 Dex-5}
 48889 | Elf:3    | Found Daiseniam's Weapon Boutique.
 48952 | Elf:3    | Identified the ring "Reasual" {Ice Int+2}
 49277 | Elf:3    | Found Faulee Acwi's Magic Scroll Shop.
 49428 | Elf:3    | Found Piotazeug's General Store.
 49640 | Elf:3    | Got Bahys's Handbook of the Salvo
 49775 | Elf:3    | Identified the +5 short sword "Polaa" {spect, MP+9 Stlth+}
 49775 | Elf:3    | Identified the amulet "Ujoicev" {Reflect Rampage rN+++
                  | rCorr Int-2 SH+5}
 49842 | Elf:3    | Bought a scroll of teleportation for 54 gold pieces
 49842 | Elf:3    | Bought a scroll of teleportation for 54 gold pieces
 50107 | Vaults:3 | You paid a toll of 5 scrolls of fog to enter a treasure
                  | trove
 50108 | Trove    | Entered a treasure trove
 50112 | Trove    | Identified the ring "Nebefos" {rF+ rC+ rCorr Dex-2 SInv}
 50118 | Trove    | Identified the amulet of Buonkia {Faith rF+ rC- Regen+
                  | Int+3}
 50120 | Trove    | Identified the ring of Immorality {EV+5 SInv}
 50126 | Trove    | Identified the amulet "Tuadghay" {Fly Regen+ Str+2}
 50129 | Trove    | Identified the ring of Disaster {rF+ Slay+4}
 50131 | Trove    | Identified the amulet of Xeheyger {Regen+ SInv}
 50318 | Depths:1 | Entered Level 1 of the Depths
 50319 | Depths:1 | Noticed the Enchantress
 50361 | D:15     | Killed the Enchantress
 50448 | Depths:1 | Identified the +0 chain mail of Vadghyo {Str+6}
 50493 | Depths:1 | Reached XP level 22. HP: 234/234 MP: 27/27
 50493 | Depths:1 | Found a gateway to Hell.
 50572 | Depths:1 | Found Ziahidaq's Antique Armour Shop.
 50867 | Depths:1 | Found an opulent altar of Gozag.
 51005 | Depths:1 | Found Qaehuqu's Antique Weapon Boutique.
 51054 | Depths:1 | Found a one-way gate leading to the halls of Pandemonium.
 51186 | Depths:1 | Found a hazy altar of Hepliaklqana.
 51223 | Depths:1 | Acquired the +10 tower shield of Ignorance {rN+ Int-4}
 51223 | Depths:1 | Found the +10 tower shield of Ignorance {rN+ Int-4}
 51318 | Depths:2 | Found Huath's General Store.
 51318 | Depths:2 | Found Yhing's Book Emporium.
 51515 | Depths:2 | Found Dulec's Distillery.
 51543 | Depths:2 | Found Penysurghe's Book Emporium.
 51671 | Depths:2 | Found a magical portal.
 51678 | WizLab   | Entered Lehudib's Moon Base
 51739 | WizLab   | Found a transporter.
 52462 | WizLab   | Identified the +0 cloak of the Barnacle {rC++ Str+3 Int-3}
 52679 | WizLab   | Found a transporter.
 52988 | WizLab   | Identified the ring "Pemuakhlu" {rN+ Will+}
 52999 | WizLab   | Identified the ring "Xucan" {Str+6 Dex+4}
 53429 | Depths:2 | Found a snail-covered altar of Cheibriados.
 53532 | Depths:2 | Found a one-way gate to the infinite horrors of the Abyss.
 53532 | Depths:2 | Noticed a juggernaut
 53537 | Depths:2 | Killed a juggernaut
 53696 | Depths:2 | Found Opnaerynk's Book Emporium.
 53696 | Depths:2 | Found Zinoufag's Book Shop.
 53696 | Depths:2 | Found Natzuif's Armour Shop.
 53696 | Depths:2 | Found Xoufyas's General Store.
 53709 | Depths:2 | Reached XP level 23. HP: 221/244 MP: 28/28
 53783 | Depths:2 | Noticed a juggernaut
 53789 | Depths:2 | Killed a juggernaut
 54390 | Depths:3 | Found Vaemepn's Changing Room.
 54623 | Depths:3 | Identified the +4 spear of Nampugg {freeze, rF+ rC+}
 54993 | Depths:4 | Entered Level 4 of the Depths
 55081 | Depths:4 | Found a flickering gateway to a bazaar.
 55104 | Bazaar   | Entered a bazaar
 55112 | Bazaar   | Got Kikubaaqudgha's Secrets of Wicked Rituals
 55113 | Bazaar   | Found Plog's Book Emporium.
 55113 | Bazaar   | Found Dojyesma's Jewellery Shoppe.
 55292 | Depths:4 | Found Qunug's Antique Weapon Shop.
 55344 | Depths:4 | Found Wijic's Antique Weapon Shop.
 55480 | Depths:4 | Reached skill level 10 in Translocations
 55822 | Depths:4 | Found a gate to the Realm of Zot.
 55935 | Depths:4 | Found Ruisoneph's Antique Weapon Boutique.
 55950 | Depths:4 | Found a stormy altar of Qazlal.
 56470 | Crypt:1  | Entered Level 1 of the Crypt
 57004 | Crypt:1  | Identified the ring "Jogabec" {Ice Will+ MP+9 Int+4 Slay+3}
 57004 | Crypt:1  | Noticed Josephina
 57006 | Crypt:1  | Killed Josephina
 57546 | Crypt:2  | Reached XP level 24. HP: 256/256 MP: 28/28
 57968 | Crypt:3  | Entered Level 3 of the Crypt
 59516 | Crypt:3  | Found a staircase to the Tomb.
 60338 | Crypt:3  | Got Gepseah's Tome of Spooky Magic
 60343 | Crypt:3  | Identified the +7 plate armour of the Forest {rF++}
 60363 | Crypt:3  | Identified the staff "Asian" {rElec rF- Str+4 Conj}
 60370 | Crypt:3  | Learned a level 4 spell: Manifold Assault
 60810 | Slime:1  | Entered Level 1 of the Pits of Slime
 61200 | Slime:5  | Entered Level 5 of the Pits of Slime
 61200 | Slime:5  | Found the amulet of the Air {Inacc Air Fly rElec RMsl}
 61585 | Slime:5  | Found a viscous altar of Jiyva.
 61938 | Slime:5  | Noticed the Royal Jelly
 62976 | Elf:1    | Found a huge runed translucent gate.
 62976 | Elf:1    | Found a huge runed translucent gate.
 62977 | Elf:1    | Found a huge runed translucent gate.
 62978 | Elf:1    | Found a huge runed translucent gate.
 62978 | Elf:1    | Found a huge runed translucent gate.
 62978 | Elf:1    | Found a huge runed translucent gate.
 62978 | Elf:1    | Found a huge runed translucent gate.
 62979 | Elf:1    | Found a huge runed translucent gate.
 62979 | Elf:1    | Found a huge runed translucent gate.
 62979 | Elf:1    | Found a huge runed translucent gate.
 62979 | Elf:1    | Found a huge runed translucent gate.
 62979 | Elf:1    | Found a huge runed translucent gate.
 62979 | Elf:1    | Found a huge runed translucent gate.
 62979 | Elf:1    | Found a huge runed translucent gate.
 62979 | Elf:1    | Found a huge runed translucent gate.
 62980 | Elf:1    | Found a huge runed translucent gate.
 62980 | Elf:1    | Found a huge runed translucent gate.
 62980 | Elf:1    | Found a huge runed translucent gate.
 63410 | Elf:1    | Found a huge runed translucent gate.
 63490 | Elf:1    | Found Hymufuib's Antique Weapon Shop.
 64126 | Elf:1    | Killed Zenata
 64151 | Elf:1    | Reached skill level 1 in Air Magic
 64368 | Elf:2    | Reached XP level 25. HP: 263/263 MP: 28/28
 65114 | Slime:5  | Killed the Royal Jelly
 65266 | Slime:5  | Identified the ring of Xunlip {*Corrode rF+ Will+++ Slay+4}
 65267 | Slime:5  | Identified the +10 hand axe "Laun" {protect, rN+ Str+3
                  | Dex-4}
 65337 | Slime:5  | Identified the +1 chain mail "Rooreneq" {*Corrode rElec
                  | Int+3}
 65415 | Slime:5  | Identified the ring of Plog {rC- rN+ MP+9 EV+5 Dex+3}
 65423 | Slime:5  | Got a slimy rune of Zot
 65440 | Slime:5  | Identified the +4 dagger of Neomm {spect, rElec SInv}
 66036 | Shoals:4 | Killed raetorn's ghost
 66082 | Shoals:4 | Identified a ring of the Octopus King {rCorr HP+2 AC+2 EV+2
                  | SH+2}
 66371 | Shoals:1 | Reached skill level 5 in Air Magic
 66447 | Shoals:1 | Bought a scroll of blinking for 127 gold pieces
 66447 | Shoals:1 | Bought a scroll of immolation for 68 gold pieces
 67033 | Zot:1    | Entered Level 1 of the Realm of Zot
 67924 | Zot:2    | Identified the +4 ring mail of the Jabberwock {Rampage
                  | *Slow Regen+ Int+3}
 67968 | Zot:2    | Noticed a dread lich
 68121 | Zot:2    | Killed a dread lich
 68128 | Zot:2    | Noticed a dread lich
 68131 | Zot:2    | Noticed a dread lich
 68133 | Zot:2    | Noticed a dread lich
 68139 | Zot:1    | Killed a dread lich
 68141 | Zot:2    | Noticed a dread lich
 68145 | Zot:1    | Killed a dread lich
 68149 | Zot:1    | Killed a dread lich
 68159 | Zot:2    | Killed a dread lich
 68168 | Zot:2    | Noticed a dread lich
 68169 | Zot:2    | Killed a dread lich
 68192 | Zot:2    | Noticed a dread lich
 68196 | Zot:2    | Killed a dread lich
 68863 | Zot:2    | Reached skill level 5 in Armour
 69462 | Zot:3    | Reached XP level 26. HP: 275/275 MP: 28/28
 70351 | Elf:3    | Bought a scroll of teleportation for 60 gold pieces
 70351 | Elf:3    | Bought a scroll of teleportation for 60 gold pieces
 70351 | Elf:3    | Bought a scroll of enchant armour for 150 gold pieces
 70352 | Elf:3    | Bought a potion of enlightenment for 100 gold pieces
 70352 | Elf:3    | Bought a scroll of torment for 190 gold pieces
 70971 | D:10     | Acquired the +8 tower shield of the Past {rCorr}
 70986 | D:10     | Acquired 814 gold pieces
 70988 | D:10     | Acquired a manual of Alchemy
 70994 | D:10     | Learned a level 3 spell: Swiftness
 71001 | D:10     | Learned a level 6 spell: Dispersal
 71007 | D:10     | Learned a level 5 spell: Irradiate
 72683 | Zot:5    | Entered Level 5 of the Realm of Zot
 72723 | Zot:5    | Found Ehoedogg's CLEARANCE SALE!.
 73938 | Slime:5  | Got the Writings on the Scorpion and the Entourage
 74706 | Vaults:5 | Entered Level 5 of the Vaults
 74817 | Vaults:5 | Identified the ring of Nulun {rF+ rC- rN+ Str+3 Int+6}
 74842 | Vaults:5 | Identified the +7 scimitar of the Zealous God {pain, Int+3}
 74844 | Vaults:5 | Reached XP level 27. HP: 287/287 MP: 28/28
 74876 | Vaults:5 | Found the +3 pair of seven-league boots {Rampage+∞}
 74890 | Vaults:5 | Noticed a dread lich
 74892 | Vaults:5 | Killed a dread lich
 74994 | Vaults:5 | Identified the +6 shortbow "Notankew" {speed, rC+}
 75099 | Vaults:5 | Reached skill level 27 in Unarmed Combat
 75268 | Vaults:5 | Identified the amulet "Vafeutz" {rElec rF- Regen+ Int+4
                  | SInv}
 75273 | Vaults:5 | Got a silver rune of Zot
 75367 | Vaults:5 | Identified the +8 short sword of Diet Blood {speed, MP+9
                  | Int+7 Dex+4 SInv}
 75429 | Vaults:5 | Identified the +5 chain mail "Omoick" {rC+ Regen+}
 75594 | Vaults:5 | Identified the +7 rapier "Xeoxymm" {drain, rC+ Dex+3}
 75601 | Vaults:5 | Identified the +6 demon blade "Lol Lioh" {vamp, Str+4 Dex-2
                  | Stlth+}
 75611 | Vaults:5 | Identified the +4 morningstar "Hyicopit" {heavy, Dex+3}
 76199 | Depths:2 | Bought a potion of might for 84 gold pieces
 76199 | Depths:2 | Bought a potion of attraction for 63 gold pieces
 76199 | Depths:2 | Bought a potion of enlightenment for 105 gold pieces
 76199 | Depths:2 | Bought a potion of curing for 63 gold pieces
 76199 | Depths:2 | Bought a potion of ambrosia for 168 gold pieces
 76199 | Depths:2 | Bought a potion of mutation for 168 gold pieces
 76199 | Depths:2 | Bought a potion of berserk rage for 105 gold pieces
 76293 | Depths:2 | Bought a potion of invisibility for 88 gold pieces
 76486 | Orc:2    | Bought a scroll of silence for 133 gold pieces
 76673 | Depths:3 | Bought a potion of mutation for 112 gold pieces
 76673 | Depths:3 | Bought a potion of mutation for 112 gold pieces
 76900 | Hell     | Entered the Vestibule of Hell
 76900 | Hell     | Noticed Geryon
 77344 | Hell     | Killed Geryon
 77389 | Hell     | Found a gateway to the decaying netherworld of Tartarus.
 77465 | Hell     | Noticed Murray
 77476 | Hell     | Killed Murray
 77570 | Hell     | Found a gateway to the Iron City of Dis.
 77621 | Hell     | Found a gateway to the freezing wastes of Cocytus.
 77778 | Hell     | Found a gateway to the ashen valley of Gehenna.
 78227 | Pan      | Entered Pandemonium
 78363 | Pan      | Found an exit through the horrors of the Abyss.
 78658 | Pan      | Noticed Taka the pandemonium lord
 78672 | Pan      | Killed Taka the pandemonium lord
 78673 | Pan      | Reached skill level 10 in Armour
 78673 | Pan      | Reached skill level 15 in Shields
 78916 | Pan      | Got a demonic rune of Zot
 78987 | Pan      | Reached skill level 5 in Spellcasting
 79006 | Pan      | Noticed Dizxu the pandemonium lord
 79019 | Pan      | Killed Dizxu the pandemonium lord
 79156 | Pan      | Identified the +2 leather armour of Seddus {Regen+ rCorr}
 79502 | Pan      | Noticed Fimnyde the pandemonium lord
 79517 | Pan      | Killed Fimnyde the pandemonium lord
 79922 | Pan      | Entered the realm of Lom Lobon.
 80123 | Pan      | Reached skill level 15 in Translocations
 80373 | Pan      | Learned a level 3 spell: Fugue of the Fallen
 80377 | Pan      | Learned a level 3 spell: Passwall
 80685 | Pan      | Noticed Lom Lobon
 80911 | Pan      | Killed Lom Lobon
 80999 | Pan      | Got a magical rune of Zot
 81217 | Pan      | Found an exit through the horrors of the Abyss.
 81386 | Pan      | Took an exit into the Abyss.
 81386 | Abyss:1  | Escaped into the Abyss
 81387 | Abyss:1  | Found a corrupted altar of Lugonu.
 81600 | Abyss:2  | Reached skill level 1 in Earth Magic
 81787 | Abyss:3  | Found a corrupted altar of Lugonu.
 81848 | Abyss:3  | Found a corrupted altar of Lugonu.
 81853 | Abyss:3  | Found a corrupted altar of Lugonu.
 81853 | Abyss:3  | Found a corrupted altar of Lugonu.
 81965 | Depths:1 | Escaped the Abyss
 81972 | Pan      | Entered Pandemonium
 82014 | Pan      | Reached skill level 5 in Earth Magic
 82462 | Pan      | Entered the realm of Cerebov.
 82651 | Pan      | Identified the +2 orcbow "Fugaunol" {speed, Int+3}
 82767 | Pan      | Found an exit through the horrors of the Abyss.
 83444 | Pan      | Found the +6 sword of Cerebov {flame}
 83444 | Pan      | Noticed Cerebov
 83475 | Pan      | Killed Cerebov
 83513 | Pan      | Got Gagricet's Quarto of the Numb Mountains
 83514 | Pan      | Identified the +5 trident of Luibleaf {freeze, Dex+2}
 83515 | Pan      | Identified the +5 long sword of Giclewya {venom, Dex+3}
 83541 | Pan      | Identified the +1 dagger "Killer Klown's Foe" {freeze, rC+
                  | rN++ Str-3 Int+4}
 83664 | Pan      | Got a fiery rune of Zot
 83762 | Pan      | Took an exit into the Abyss.
 83762 | Abyss:3  | Escaped into the Abyss
 83814 | Abyss:3  | Reached skill level 10 in Earth Magic
 84011 | Abyss:3  | Found a glowing golden altar of the Shining One.
 84073 | Abyss:3  | Noticed a juggernaut
 84077 | Abyss:3  | Killed a juggernaut
 84081 | Abyss:3  | Got an abyssal rune of Zot
 84090 | Depths:1 | Escaped the Abyss
 84310 | Pan      | Entered the realm of Gloorx Vloq.
 84310 | Pan      | Entered Pandemonium
 84515 | Pan      | Reached skill level 5 in Throwing
 84627 | Pan      | Found an exit through the horrors of the Abyss.
 84961 | Pan      | Noticed Gloorx Vloq
 84973 | Pan      | Killed Gloorx Vloq
 85006 | Pan      | Got a dark rune of Zot
 85483 | Pan      | Acquired the ring "Ziograhe" {Int+2 Slay+4}
 85579 | Pan      | Found an exit through the horrors of the Abyss.
 85640 | Pan      | Noticed Biesmeigg the pandemonium lord
 85644 | Pan      | Killed Biesmeigg the pandemonium lord
 85776 | Pan      | Entered the realm of Mnoleg.
 85780 | Pan      | Noticed Mnoleg
 85799 | Pan      | Killed Mnoleg
 85849 | Pan      | Got a glowing rune of Zot
 85892 | Depths:1 | Escaped Pandemonium
 86468 | Tomb:1   | Entered Level 1 of the Tomb of the Ancients
 86949 | Tomb:1   | Noticed a royal mummy
 86963 | Tomb:1   | Killed a royal mummy
 86983 | Tomb:1   | Noticed a royal mummy
 86993 | Tomb:1   | Killed a royal mummy
 87297 | Tomb:2   | Noticed a royal mummy
 87297 | Tomb:2   | Noticed a royal mummy
 87297 | Tomb:2   | Noticed a royal mummy
 87302 | Tomb:2   | Noticed a royal mummy
 87303 | Tomb:2   | Killed a royal mummy
 87317 | Tomb:2   | Killed a royal mummy
 87324 | Tomb:2   | Killed a royal mummy
 87337 | Tomb:2   | Killed a royal mummy
 87723 | Tomb:1   | Noticed a royal mummy
 87723 | Tomb:1   | Noticed a royal mummy
 87723 | Tomb:1   | Noticed a royal mummy
 87723 | Tomb:1   | Noticed a royal mummy
 87723 | Tomb:1   | Noticed a royal mummy
 87727 | Tomb:1   | Noticed a royal mummy
 87727 | Tomb:1   | Noticed a royal mummy
 87730 | Tomb:1   | Killed a royal mummy
 87733 | Tomb:1   | Noticed a royal mummy
 87760 | Tomb:1   | Killed a royal mummy
 87770 | Tomb:1   | Noticed a royal mummy
 87796 | Tomb:1   | Killed a royal mummy
 87811 | Tomb:1   | Killed a royal mummy
 87819 | Tomb:1   | Killed a royal mummy
 87826 | Tomb:1   | Killed a royal mummy
 87892 | Tomb:1   | Killed a royal mummy
 87922 | Tomb:1   | Killed a royal mummy
 87932 | Tomb:1   | Killed a royal mummy
 88049 | Tomb:1   | Noticed a royal mummy
 88072 | Tomb:1   | Killed a royal mummy
 88089 | Tomb:1   | Noticed a royal mummy
 88092 | Tomb:1   | Noticed a royal mummy
 88096 | Tomb:1   | Killed a royal mummy
 88097 | Tomb:1   | Noticed a royal mummy
 88098 | Tomb:1   | Noticed a royal mummy
 88098 | Tomb:1   | Noticed a royal mummy
 88100 | Tomb:1   | Noticed a royal mummy
 88105 | Tomb:1   | Killed a royal mummy
 88139 | Tomb:1   | Killed a royal mummy
 88145 | Tomb:1   | Killed a royal mummy
 88163 | Tomb:1   | Killed a royal mummy
 88168 | Tomb:1   | Killed a royal mummy
 88452 | Tomb:3   | Entered Level 3 of the Tomb of the Ancients
 88477 | Tomb:3   | Reached skill level 15 in Armour
 88524 | Tomb:3   | Noticed a royal mummy
 88534 | Tomb:3   | Noticed a royal mummy
 88537 | Tomb:3   | Killed a royal mummy
 88537 | Tomb:3   | Noticed a royal mummy
 88540 | Tomb:3   | Killed a royal mummy
 88544 | Tomb:3   | Noticed a royal mummy
 88544 | Tomb:3   | Killed a royal mummy
 88550 | Tomb:3   | Noticed a royal mummy
 88553 | Tomb:3   | Noticed a royal mummy
 88553 | Tomb:3   | Noticed a royal mummy
 88553 | Tomb:3   | Noticed a royal mummy
 88556 | Tomb:3   | Killed a royal mummy
 88559 | Tomb:3   | Killed a royal mummy
 88561 | Tomb:3   | Noticed a royal mummy
 88578 | Tomb:3   | Killed a royal mummy
 88586 | Tomb:3   | Killed a royal mummy
 88587 | Tomb:3   | Killed a royal mummy
 88598 | Tomb:3   | Killed a royal mummy
 88690 | Tomb:3   | Found the +1 cloak of Starlight {*Dazzle EV+4 Stlth--}
 88695 | Tomb:3   | Identified the ring "Zaschijia" {^Contam rF++ rCorr Dex+6
                  | SInv}
 88697 | Tomb:3   | Identified the granite talisman of Lust {Dex+4 SInv}
 88704 | Tomb:3   | Identified the ring of the Little Devil {rF+ rN++ MP+9
                  | Int-2}
 88719 | Tomb:3   | Identified the +2 battleaxe "Epetozab" {freeze, MP+9}
 88997 | Tomb:3   | Got a golden rune of Zot
 89111 | Tomb:3   | Identified the +1 plate armour of Laetudgho {rElec MP+9
                  | Str-2 SInv}
 89648 | Dis:1    | Entered Level 1 of the Iron City of Dis
 89681 | Dis:1    | Reached skill level 1 in Alchemy
 90042 | Dis:6    | Noticed an ancient lich
 90050 | Dis:6    | Noticed an ancient lich
 90096 | Dis:6    | Killed an ancient lich
 90100 | Dis:6    | Killed an ancient lich
 90101 | Dis:6    | Reached skill level 5 in Alchemy
 90368 | Dis:7    | Entered Level 7 of the Iron City of Dis
 90548 | Dis:7    | Noticed a juggernaut
 90554 | Dis:7    | Killed a juggernaut
 90621 | Dis:7    | Identified the +1 hat "Quxzis" {^Drain rElec Str+3}
 91384 | Dis:7    | Got the Folio of Conjuration
 91400 | Dis:7    | Noticed a juggernaut
 91409 | Dis:7    | Killed a juggernaut
 91476 | Dis:7    | Identified the +7 war axe "Tehakeleu" {antimagic, Dex+5}
 91783 | Dis:7    | Noticed a juggernaut
 91787 | Dis:7    | Killed a juggernaut
 91933 | Dis:7    | Noticed Dispater
 91948 | Dis:7    | Killed Dispater
 91973 | Dis:7    | Got the Textbook on Ill-fated Elsewhere
 91976 | Dis:7    | Got an iron rune of Zot
 91977 | Dis:7    | Identified the staff of Proximity {rPois rN+ Ice Alchemy}
 91978 | Dis:7    | Identified the +4 orcbow of the Skies Above {flame, Str+4}
 92258 | Tar:1    | Entered Level 1 of Tartarus
 92439 | Tar:3    | You fall into a shaft and drop 3 floors!
 92475 | Tar:6    | Noticed an ancient lich
 92477 | Tar:6    | Killed an ancient lich
 92646 | Tar:7    | Entered Level 7 of Tartarus
 93960 | Tar:7    | Noticed Ereshkigal
 93976 | Tar:7    | Killed Ereshkigal
 94040 | Tar:7    | Got a bone rune of Zot
 94365 | Tar:7    | Identified the staff of the Radish {rC+ rN+ Necro}
 94966 | Coc:1    | Entered Level 1 of Cocytus
 95043 | Coc:1    | Paralysed by a wendigo for 1 turns
 95207 | Coc:2    | Paralysed by a wendigo for 1 turns
 95333 | Coc:4    | You are sucked into a shaft and drop 1 floor!
 95675 | Coc:7    | Entered Level 7 of Cocytus
 95683 | Coc:7    | Paralysed by a wendigo for 1 turns
 95799 | Coc:7    | Noticed the Serpent of Hell
 95807 | Coc:7    | Killed the Serpent of Hell
 96585 | Coc:7    | Identified the +0 ring mail of Hadjma {Regen+}
 96736 | Coc:7    | Identified the +9 short sword "Piulep" {freeze, rF++ rN+++
                  | Will- Stlth-}
 96736 | Coc:7    | Noticed Antaeus
 96751 | Coc:7    | Killed Antaeus
 96769 | Coc:7    | Got an icy rune of Zot
 96770 | Coc:7    | Identified the ring "Zeggeca" {rCorr AC+4 Str+8 Dex-4
                  | Stlth+}
 96777 | Coc:7    | Got Usaphet's Foundations of Mystical Knowledge
 96779 | Coc:7    | Identified the +6 shortbow "Xom's Capriciousness" {heavy,
                  | rC+++ Str+4 Dex-3}
 96951 | Geh:1    | Entered Level 1 of Gehenna
 97795 | Geh:4    | Reached skill level 10 in Air Magic
 98203 | Geh:7    | Entered Level 7 of Gehenna
 98451 | Geh:7    | Reached skill level 27 in Fighting
 99156 | Geh:7    | Found the +13 sceptre of Asmodeus
 99156 | Geh:7    | Noticed Asmodeus
 99223 | Geh:7    | Killed Asmodeus
 99414 | Geh:7    | Got an obsidian rune of Zot
100075 | Zot:5    | Noticed an ancient lich
100081 | Zot:5    | Killed an ancient lich
100127 | Zot:5    | Noticed an orb of fire
100131 | Zot:5    | Killed an orb of fire
100140 | Zot:5    | Noticed a dread lich
100145 | Zot:5    | Killed a dread lich
100175 | Zot:5    | Noticed an ancient lich
100176 | Zot:5    | Noticed an ancient lich
100178 | Zot:5    | Killed an ancient lich
100178 | Zot:5    | Noticed an ancient lich
100178 | Zot:5    | Noticed an ancient lich
100232 | Zot:5    | Killed an ancient lich
100237 | Zot:5    | Noticed a dread lich
100241 | Zot:5    | Killed an ancient lich
100244 | Zot:5    | Killed a dread lich
100244 | Zot:5    | Killed an ancient lich
100468 | Zot:5    | Noticed a dread lich
100490 | Zot:5    | Killed a dread lich
100562 | Zot:5    | Noticed an orb of fire
100562 | Zot:5    | Noticed a dread lich
100564 | Zot:5    | Noticed a dread lich
100570 | Zot:5    | Killed an orb of fire
100571 | Zot:5    | Noticed a dread lich
100576 | Zot:5    | Killed a dread lich
100585 | Zot:5    | Killed a dread lich
100586 | Zot:5    | Killed a dread lich
100864 | Zot:5    | Found Ehoedogg's CLEARANCE SALE!.
101295 | Zot:5    | Got the Orb of Zot
101399 | Zot:2    | Noticed Kedy the pandemonium lord
101399 | Zot:2    | Noticed an ancient lich
101831 | D:1      | Noticed Joosoiq the pandemonium lord
101841 | D:$      | Escaped with the Orb!

Illustrated notes

Levels and vault maps discovered:
D:1:      dpeg_arrival_windows_large_door, layout_loops_cross
D:2:      layout_loops_ring, serial_glass, glass_columns_b, glass_columns_c
D:3:      layout_basic, mainiacjoe_overflow_divided_tiny, uniq_grinder,
          uniq_robin
D:4:      layout_loops_corners, nicolae_tso_besieged_by_evil,
          dreamdust_wishing_well, nicolae_grassy_gnolls
D:5:      minmay_chambers_of_fours, layout_cave_pods, okawaru_metal_pillars_3,
          nicolae_overflow_hidden_temple, mainiacjoe_overflow_24_doors,
          gup_ossuary_entry_pyramid, grunt_decor_one_mirror, uniq_blork_the_orc,
          uniq_sigmund, uniq_pikel
D:6:      lemuel_castle_with_subvaults [lemuel_castle_interior_carwin_3],
          layout_gridville, nicolae_uskayaw_dance_hall
D:7:      minmay_bubble_buster, layout_loops_ring, lemuel_round_altar,
          lemuel_crystal_altar, minmay_temple_entry_statues_pillars
D:8:      layout_gridville, chequers_garden, uniq_maurice
D:9:      layout_cave_pods, old_standard_altar, serial_shops,
          nicolae_shop_mannequins
D:10:     layout_loops_ring, grunt_temple_overflow_growth_and_decay,
          nemelex_spade_bored_becter, minmay_lair_entry_grove, serial_shops,
          shop, dk_noncrumbling_2
D:11:     layout_cross, uniq_grum, uniq_erica, uniq_fannar
D:12:     layout_cave_pools, orc_0_dummy, serial_column_ruins,
          column_ruins_open_small, column_ruins_corridor_corner,
          column_ruins_grid_1, column_ruins_corridor_straight,
          lemuel_old_faithful
D:13:     layout_small_grid, trog_butcher_becter, uniq_lodul
D:14:     layout_loops_ring, lightli_vaults_fourway_checkpoint,
          nicolae_elevator_lobby_plus, minmay_checkered_concentric_circles,
          uniq_kirke, uniq_jorgrun
D:15:     grunt_enter_depths_snipers, layout_small_grid,
          hangedman_decor_peaks_small, gauntlet_entry_generic,
          lemuel_nasty_fountain
Temple:   hellmonk_temple_divided_pantheon
Lair:1:   layout_long_grid, uniq_urug
Lair:2:   layout_hall_layers, nicolae_shoals_entry_roost,
          pdpol_lair_neglected_garden, lemuel_fruit_fields
Lair:3:   layout_cave_pods, dummy_snake_entry, hellmonk_ghost_happy_afterlife,
          grunt_forest_large_clearing_hut, serial_bayou_shore_a
Lair:4:   dreamdust_cave_troll, layout_loops_ring, grunt_megastairs_4
Lair:5:   minmay_lair_end_enchanted_forest, layout_long_grid, slime_entry_1,
          enter_volcano_2, uniq_nessos
Shoals:1: layout_shoals, nicolae_take_the_stairs
Shoals:2: layout_shoals, portal_ice_cave_entry_frozen_things,
          nicolae_shoals_water_shrine
Shoals:3: layout_shoals, uniq_polyphemus, uniq_ilsuiw
Shoals:4: shoals_end_grunt_ice, layout_shoals, shoal_ilsuiw,
          ebering_ghost_davey_jones, nicolae_shoals_sun_and_surf
Snake:1:  layout_rooms, abandoned_shop, minmay_shop_star
Snake:2:  layout_gridlike, minmay_shoptagon
Snake:3:  layout_misc_corridors
Snake:4:  snake_pit_salamanders_mu, layout_cave_town, basic_altar,
          nicolae_snake_coiling_death, uniq_vashnia, uniq_mlioglotl, uniq_aizul,
          uniq_asterion
Slime:1:  layout_caves
Slime:2:  layout_caves
Slime:3:  layout_caves, cheibrodos_slime_lost_civilization_4
Slime:4:  layout_caves
Slime:5:  slime_pit_nicolae_jellycorners
Orc:1:    layout_caves, serial_shops, nicolae_shop_pleasant_corner_grove,
          uniq_snorg
Orc:2:    grunt_orc_community_town_hall, layout_diamond_mine,
          grunt_orc_community_big_house_1, grunt_orc_community_big_house_1,
          grunt_orc_community_house_2, grunt_orc_community_house_3,
          grunt_orc_community_house_1, grunt_orc_community_house_2,
          grunt_orc_community_house_3, grunt_orc_community_house_3, basic_altar,
          serial_shops, shop_fountains, minmay_orc_temple_c
Elf:1:    eino_elf_arrival_shootout, layout_onion_city, serial_glass,
          glass_columns_a, glass_columns_a, glass_columns_c, glass_columns_c,
          serial_shops, shop_statue, hangedman_elf_represent, uniq_nikola,
          uniq_zenata
Elf:2:    elven_hall_of_blades_hangedman_alternative [nicolae_blade_lattice],
          layout_loops_corners, serial_shops, bzr_in_the_mist,
          minmay_misc_feat_columns
Elf:3:    grunt_elf_hall_asides, layout_onion_city, serial_shops, freezing_bzr,
          nicolae_shop_pleasant_corner_grove, nicolae_shop_bloodbath_and_beyond,
          shop, minmay_misc_feat_five, kb_rosetta
Vaults:1: v_misc_5, nicolae_vaults_closet_pinwheel_6, v_misc_30,
          hangedman_vaults_corner, vaults_room_stairs_pillars, v_misc_29,
          nicolae_vaults_tetromino_L_1, nicolae_vaults_know_your_exits,
          grunt_vaults_hallway_short, nicolae_vaults_storage_closets_1,
          layout_vaults_omnicross
Vaults:2: v_misc_14, hangedman_vaults_corner_blocks, v_alt_pattern_1,
          vaults_room_hangedman_quadrants, ontoclasm_vaults_eye,
          nicolae_vaults_trapezoid_2, grunt_vaults_swirl, minmay_orc_keep,
          vaults_room_corners, layout_vaults_big_room
Vaults:3: portal_desolation_entry_ruin, dpeg_vaults_monster_box,
          nicolae_vaults_theta, v_pattern_3, minmay_crypt_entry_simple_statues,
          nicolae_vaults_heart-shaped_vault, layout_vaults_omnigrid,
          enter_trove_1
Vaults:4: vaults_room_ringed_pool, nicolae_vaults_murder_corner, v_rooms_6,
          nicolae_vaults_little_squares_4, nicolae_vaults_two_Ls,
          hangedman_vaults_variations, serial_library_hellmonk_semicircle,
          v_alt_pattern_2, layout_vaults_omnibox, uniq_jory
Vaults:5
Crypt:1:  layout_regular_city, minmay_strange_pillars, minmay_misc_feat_alley,
          uniq_josephina
Crypt:2:  layout_basic
Crypt:3:  due_elkab, layout_chaotic_city, tomb_entry_simple_bobbens,
          serial_glass, glass_columns_a, glass_columns_a
Tomb:1
Tomb:2
Tomb:3
Depths:1: layout_cave_pools, rand_demon_pan_entry_9, serial_shops, shop,
          nicolae_lakefront_shop, nicolae_hepliaklqana_hippocampus, hell_entry,
          nicolae_gozag_seed_capital, grunt_megastairs_2, uniq_enchantress
Depths:2: hangedman_box_tower, layout_gridlike, abyss_entry, pf_coc_iceberg,
          infiniplex_enter_wizlab_spiral, pan_entry, minmay_misc_feat_roman,
          serial_shops, shop, nicolae_shop_rolling_square, nicolae_square_shop,
          shop, cheibriados_altar_1
Depths:3: nicolae_terramorphic_expanse [nicolae_terramorphic_quarter,
          nicolae_terramorphic_quarter, nicolae_terramorphic_quarter,
          nicolae_terramorphic_quarter, nicolae_terramorphic_quarter,
          nicolae_terramorphic_biome, nicolae_terramorphic_biome,
          nicolae_terramorphic_biome, nicolae_terramorphic_biome],
          layout_honeycomb, enter_ziggurat_f, minmay_misc_feat_tiny,
          abyss_entry_small_statue_room, hell_entry, rand_demon_pan_entry_4,
          nicolae_transmutations_shop
Depths:4: grunt_zot_entry_bicorn, layout_honeycomb, hangedman_decor_growths,
          hell_entry, serial_shops, bzr_entry_safe, shop, shop, shop,
          abyss_entry_crystal, nicolae_qazlal_style_of_elements
Hell
Dis:1:    nicolae_dis_circle_tower, layout_regular_city, glass_columns_b
Dis:2:    layout_gridville
Dis:3:    layout_overlapping_boxes
Dis:4:    layout_subdivisions, hangedman_dis_decor_tower
Dis:5:    layout_gridville
Dis:6:    layout_jigsaw, evilmike_ambush [evilmike_ambush_outer_pillars,
          evilmike_ambush_inner_basic]
Dis:7:    dis_grunt_layers
Geh:1:    layout_gehenna_lava_caves, nicolae_geh_lavax
Geh:2:    nicolae_geh_lava_swirls, layout_gehenna_pools_box
Geh:3:    layout_gehenna_pools_basic
Geh:4:    layout_gehenna_lava_caves
Geh:5:    layout_gehenna_lava_caves
Geh:6:    nicolae_geh_split_lavaduct, layout_gehenna_pools_basic
Geh:7:    geh_old
Coc:1:    layout_cocytus_water_paths
Coc:2:    layout_ice_bergs
Coc:3:    layout_ice_bergs
Coc:4:    layout_ice_bergs
Coc:5:    layout_cocytus_water_paths
Coc:6:    layout_cocytus_delve
Coc:7:    coc_grunt
Tar:1:    layout_honeycomb, nicolae_tar_cuneiform_to_be
Tar:2:    layout_grid_maze
Tar:3:    layout_grid_maze, nicolae_tar_honey_chapel
Tar:6:    layout_grid_maze, tekkud_tar_snaking_path
Tar:7:    tar_mu [tar_mu_maze]
Zot:1:    layout_misc_corridors
Zot:2:    hellmonk_paralyzer, layout_misc_corridors,
          hangedman_zot_diagonal_lockstep, regret_index_zotdec_demonic_mixed
Zot:3:    layout_concentric_octagons
Zot:4:    layout_gridlike, grunt_megastairs_1
Zot:5:    layout_twisted_circle, nicolae_shop_clearance

Skill      XL: |  1  2  3  4  5  6  7  8  9 10 11 12 13 14 15 16 17 18 19 20 21 22 23 24 25 26 27 |
---------------+----------------------------------------------------------------------------------+-----
Fighting       | 2 3 4 5 7 8 9 10 11 12 13 14 15 16 17 18 19 27 | 27.0
Unarmed Combat | 4 5 6 8 10 12 13 14 16 17 18 19 20 21 22 23 24 25 26 27 | 27.0
Shapeshifting  | 4 7 10 11 15 16 17 18 20 23 24 | 24.7
Shields        | 3 5 6 7 8 9 10 11 12 13 21 | 21.0
Armour         | 1 3 5 7 20 | 20.0
Dodging        | 5 6 7 8 9 10 | 10.0
Throwing       | 2 3 6 |  6.0
Translocations | 1 4 5 6 7 8 9 10 12 13 18 | 18.3
Spellcasting   | 1 2 3 4 7 |  7.0
Air Magic      | 2 6 11 | 11.0
Earth Magic    | 11 | 11.0
Alchemy        | 9 |  9.0

Action                     |  1- 3 |  4- 6 |  7- 9 | 10-12 | 13-15 | 16-18 | 19-21 | 22-24 | 25-27 || total
---------------------------+-------+-------+-------+-------+-------+-------+-------+-------+-------++-------
  Melee: Unarmed           |    93 |    86 |   263 |   548 |  1372 |   923 |  1379 |  1701 |  6762 || 13127
         Punch             |       |     1 |    12 |    10 |     1 |    66 |       |       |     6 ||    96
         Tailslap          |       |       |       |       |       |   115 |       |       |     5 ||   120
         Bite              |       |       |       |       |       |    60 |       |       |     3 ||    63
  Throw: Throwing net      |       |     1 |       |       |       |       |       |       |       ||     1
         Large rock        |       |       |       |     3 |     1 |       |       |     2 |     2 ||     8
         Dart              |       |       |       |     1 |     3 |       |       |       |       ||     4
   Cast: Lesser Beckoning  |       |       |       |       |       |       |    22 |     1 |       ||    23
         Apportation       |       |       |       |       |       |       |     1 |       |    39 ||    40
         Passage of Golubr |       |       |       |       |       |       |       |     1 |    12 ||    13
         Blink             |       |       |       |       |       |       |       |       |     7 ||     7
         Dispersal         |       |       |       |       |       |       |       |       |     6 ||     6
         Vhi's Electric Ch |       |       |       |       |       |       |       |       |     2 ||     2
         Swiftness         |       |       |       |       |       |       |       |       |     1 ||     1
         Passwall          |       |       |       |       |       |       |       |       |     1 ||     1
 Invoke: Serpent's Lash    |       |       |       |     2 |    26 |     8 |    22 |    18 |    48 ||   124
         Heavenly Storm    |       |       |       |       |       |       |       |     2 |     5 ||     7
Ability: Lunge             |       |       |       |    23 |   161 |   179 |   173 |   188 |   618 ||  1342
         Whirlwind         |       |       |       |    10 |   360 |   347 |   587 |   633 |  2322 ||  4259
         Evoke Blink       |       |       |       |     1 |       |       |       |       |       ||     1
         Begin Untransform |       |       |       |       |       |     3 |       |       |     1 ||     4
         Breathe Fire      |       |       |       |       |       |     1 |       |       |       ||     1
         Wall Jump         |       |       |       |       |       |       |     2 |     1 |     8 ||    11
         Siphon Essence    |       |       |       |       |       |       |       |       |     1 ||     1
  Evoke: Wand              |       |       |     1 |       |     5 |     1 |     1 |     1 |    15 ||    24
         Sack of spiders   |       |       |       |       |       |       |     1 |       |       ||     1
    Use: Scroll            |       |     7 |     4 |    13 |    14 |     3 |    11 |     3 |    41 ||    96
         Potion            |       |     1 |     1 |     4 |     3 |       |     3 |       |     7 ||    19
   Stab: Sleeping          |     2 |       |       |     1 |       |     1 |     3 |       |       ||     7
         Distracted        |       |       |     1 |     1 |     1 |       |     3 |     1 |     3 ||    10
         Invisible         |       |       |       |       |     1 |       |       |       |       ||     1
 Armour: Robe              |    39 |    68 |   175 |   171 |       |       |       |       |       ||   453
         Troll leather arm |       |       |       |   222 |   703 |    47 |       |       |       ||   972
         Skin              |       |       |       |     9 |       |   523 |  1099 |   634 |   540 ||  2805
         Acid dragon scale |       |       |       |       |       |       |       |   183 |    72 ||   255
         Storm dragon scal |       |       |       |       |       |       |       |       |  1380 ||  1380
  Dodge: Dodged            |    46 |    39 |    99 |   158 |   290 |   210 |   513 |   387 |   808 ||  2550
  Block: Kite shield       |       |       |       |   129 |   410 |    84 |   751 |   596 |   255 ||  2225
         Tower shield      |       |       |       |       |       |       |       |       |  3492 ||  3492
         Form:             |       |       |       |     2 |       |       |       |     2 |     4 ||     8
         Serpent           |       |       |       |     2 |       |       |       |       |       ||     2
         Dragon            |       |       |       |       |       |     3 |       |       |     1 ||     4
         Statue            |       |       |       |       |       |     4 |       |     4 |     7 ||    15
         Death             |       |       |       |       |       |       |       |     4 |    10 ||    14
